 Dungeon Crawl Stone Soup version 0.30.1-4-g462c640d31 (webtiles) character file.

Game seed: 16664514517247274325

19249 croobank the Protected (level 12, -6/103 HPs)
             Began as an Armataur Warper on Aug 26, 2023.
             Was an Initiate of Gozag.
             Mangled by a komodo dragon (16 damage)
             ... on level 2 of the Lair of Beasts.
             The game lasted 01:06:57 (13286 turns).

croobank the Protected (Armataur Warper)           Turns: 13286, Time: 01:06:57

Health: -6/103     AC: 13    Str: 16    XL:     12   Next: 34%
Magic:  21/21      EV: 12    Int: 16    God:    Gozag
Gold:   1215       SH:  0    Dex: 13    Spells: 12/23 levels left

rFire   . . .        l - +8 spear (freeze)
rCold   . . .        (no shield)
rNeg    . . .        J - +2 robe {Will+}
rPois   .            N - +1 hat {SInv}
rElec   .            W - +0 cloak
rCorr   .            (no gloves)
SInv    +            (no barding)
Will    ++...        w - amulet of regeneration
Stlth   +            I - ring of willpower
HPRegen 1.17/turn    A - +4 ring of protection
MPRegen 0.17/turn

%: roll
@: gold aura, on berserk cooldown, slowed, studying Shields, very slow
A: large, rugged brown scales 3, deformed body, armoured tail, roll, long
tongue, awkward tongue
a: Renounce Religion, Potion Petition, Call Merchant, Bribe Branch


You were on level 2 of the Lair of Beasts.
You worshipped Gozag.
Gozag was most pleased with you.
You visited 3 branches of the dungeon, and saw 15 of its levels.
You also visited: Ossuary.

You collected 2369 gold pieces.
You spent 491 gold pieces at shops.
You paid 663 gold pieces to Gozag.

Inventory:

Hand Weapons
 a - a +1 dagger of speed
 f - a +2 antimagic war axe
 l - a +8 spear of freezing (weapon)
 P - a +1 dagger of venom
 Q - a +0 war axe
 T - a +2 heavy broad axe
Missiles
 g - 5 poisoned darts (quivered)
 h - 4 curare-tipped darts
 o - 2 javelins
 E - 10 boomerangs
Armour
 J - a +2 robe of willpower (worn)
 N - a +1 hat of see invisible (worn)
 U - +1 steam dragon scales
 W - a +0 cloak (worn)
 Y - a scarf of invisibility
Magical Staves
 K - a staff of fire
 S - the staff of poison "Lulusmed" {rElec rPois rC- Dex+5}
   (You found it on level 8 of the Dungeon)

   [staff of poison]

   Base accuracy: +5 Base damage: 5 Base attack delay: 1.2 This weapon's minimum
   attack delay (0.6) is reached at skill level 12.
   Dex:       It affects your dexterity (+5).
   rC:        It makes you vulnerable to cold.
   rElec:     It insulates you from electricity.
   rPois:     It protects you from poison.
   It falls into the 'Staves' category.
   It is a one-handed weapon.
Jewellery
 b - a ring of wizardry
 i - a ring of protection from cold
 j - a ring of positive energy
 m - a ring of fire
 w - an amulet of regeneration (around neck)
 z - the ring "Aqoigh" {rF+ rN+ Stlth+}
   (You found it on level 10 of the Dungeon)

   [ring of positive energy]

   rF:        It protects you from fire.
   rN:        It protects you from negative energy.
   Stlth:     It makes you more stealthy.
 A - a +4 ring of protection (right hand)
 C - a ring of flight
 I - a ring of willpower (left hand)
 R - an amulet of reflection
Wands
 u - a wand of digging (1)
 v - a wand of iceblast (1)
 B - a wand of mindburst (1)
 F - a wand of flame (1)
 M - a wand of charming (2)
 O - a wand of polymorph (6)
Scrolls
 c - a scroll of blinking
 d - 2 scrolls of amnesia
 e - a scroll of poison
 r - a scroll of teleportation
 t - 2 scrolls of fear
 L - 8 scrolls of identify
 V - 2 scrolls of vulnerability
 Z - 2 scrolls of butterflies
Potions
 k - 3 potions of lignification
 n - a potion of brilliance
 q - a potion of ambrosia
 s - 6 potions of mutation
 x - a potion of magic
 y - 2 potions of might
 D - a potion of curing
 G - a potion of haste
 H - 2 potions of resistance
Miscellaneous
 X - a lightning rod (4/4)


   Skills:
 + Level 6.9 Fighting
 - Level 3.1 Short Blades
 + Level 6.7 Polearms
 + Level 6.7 Throwing
 + Level 8.8 Armour
 + Level 5.7 Dodging
 + Level 6.3 Spellcasting
 * Level 5.6 Summonings
 - Level 4.8 Translocations
 - Level 4.8 Transmutations


You had 12 spell levels left.
You knew the following spells:

 Your Spells              Type           Power      Damage    Failure   Level
a - Blink                 Tloc           40%        N/A       2%          2
b - Beastly Appendage     Tmut           40%        N/A       1%          1
c - Call Canine Familiar  Summ           22%        N/A       4%          3
d - Summon Guardian Gole  Hex/Summ       14%        N/A       13%         3
e - Wereblood             Tmut           20%        N/A       2%          2

Your spell library contained the following spells:

 Spells                   Type           Power      Damage    Failure   Level
 Summon Small Mammal      Summ           88%        N/A       1%          1
 Lesser Beckoning         Tloc           40%        N/A       2%          2
 Teleport Other           Tloc           20%        N/A       5%          3
 Spider Form              Tmut/Pois      12%        N/A       16%         3
 Vhi's Electric Charge    Tloc/Air       24%        N/A       16%         3
 Manifold Assault         Tloc           20%        N/A       19%         4
 Cigotuvi's Dreadful Rot  Necr/Pois/Air  10%        N/A       21%         2
 Sublimation of Blood     Necr           5%         N/A       21%         2
 Ozocubu's Armour         Ice            5%         N/A       38%         3
 Stone Arrow              Conj/Erth      10%        3d7       38%         3
 Animate Armour           Summ/Erth      28%        N/A       38%         4
 Petrify                  Tmut/Erth      12%        N/A       45%         4
 Blade Hands              Tmut           10%        N/A       45%         5
 Dispel Undead            Necr           5%         3d7       80%         4
 Irradiate                Conj/Tmut      6%         3d13      80%         5
 Arcjolt                  Conj/Air       2%         1d12      98%         5
 Death Channel            Necr           2%         N/A       100%        6
 Iron Shot                Conj/Erth      2%         9d2       100%        6
 Plasma Beam              Fire/Air       2%         2x1d14    100%        6
 Ozocubu's Refrigeration  Ice            2%         4d8       100%        7
 Lehudib's Crystal Spear  Conj/Erth      2%         10d2      100%        8


Dungeon Overview and Level Annotations

Branches:
Dungeon (12/15)            Temple (1/1) D:4            Lair (2/5) D:11
    Orc (0/2) D:10        Ossuary (visited)
  Swamp: Lair:2-3    Shoals: Lair:2-3     Snake: Lair:2-3    Spider: Lair:2-3

Altars:
Ashenzari
Cheibriados
Dithmenos
Elyvilon
Fedhas
Gozag
Hepliaklqana
Kikubaaqudgha
Makhleb
Nemelex Xobeh
Okawaru
Qazlal
Ru
Sif Muna
Trog
Uskayaw
Vehumet
Wu Jian
Xom
Yredelemnul
Zin
The Shining One

Shops:
D:4 =*   D:5 (   D:12 *

Portals:
Trove: D:10 (give 15 scrolls of teleportation)

Annotations:
D:7 Joseph
D:9 2 transporters, SirLogeyBear's ghost, novice HOBe
Temple 2 transporters


Innate Abilities, Weirdness & Mutations

You are completely covered in rugged brown scales. (AC +3, +7% HP)
Armour fits poorly on your strangely shaped body.
You have a long armoured tail.
You roll when moving toward enemies. (Rampage)
Your long tongue fully drains potion bottles. (2x potion effects)
Your tongue gives you trouble enunciating. (1.5x scroll delay)


Message History

The blink frog croaks.
You hit the skyshark. You freeze the skyshark.
Your tail-slap misses the skyshark.
The skyshark is almost dead.
The blink frog blinks!
You barely miss the skyshark.
Your tail-slap misses the skyshark.
The skyshark is almost dead.
The skyshark bites you!
* * * LOW HITPOINT WARNING * * *
The skyshark tail-slaps you.
* * * LOW HITPOINT WARNING * * *
The skyshark barely misses you.
You barely miss the skyshark.
Your tail-slap misses the skyshark.
The skyshark is almost dead.
The blink frog blinks!
A blink frog comes into view.
The blink frog gives a loud, deep croak!
You puncture the skyshark!
The skyshark seems to slow down.
You freeze the skyshark.
The skyshark is almost dead.
The skyshark barely misses you. The skyshark closely misses you.
The skyshark tail-slaps you.
* * * LOW HITPOINT WARNING * * *
You puncture the skyshark!
The skyshark seems to slow down.
You freeze the skyshark.
You kill the skyshark!
There is a fountain of clear blue water here.
You feel a strong urge to attack something.
A komodo dragon comes into view.
Found a stone staircase leading down.
The komodo dragon hisses angrily.
You feel your anger nearly subside.
The blink frog blinks!
The blink frog blinks!
You roll towards the komodo dragon!
Your blood rage is quickly leaving you.
You are no longer berserk.
You are exhausted.
You feel yourself slow down. The komodo dragon bites you!
You die...
Your body crumbles into a pile of gold.

##............
##....⌠.....#
##....§...##
#..⌠...⌠...#
##..$$...#.#
###....⌠.....#
###....F...§...# #
#####....F#.##.#....
# #....@...####
#.#... #.>.l..###
###.⌠ #...#.## ..
#####.# ###


You could see a komodo dragon and 2 blink frogs.

Vanquished Creatures
  Gastronok (D:8)
  A rakshasa (D:10)
  2 two-headed ogres
  A skeletal warrior (D:10)
  A skyshark (Lair:2)
  Pikel (D:6)
  A deep elf pyromancer (D:10)
  A manticore (D:11)
  Maurice (D:8)
  Maggie (D:8)
  2 unseen horrors (D:11)
  A cane toad (Lair:1)
  A rime drake (Lair:2)
  2 kobold demonologists (D:10)
  A komodo dragon (Lair:1)
  2 guardian mummies (D:10)
  6 hornets
  3 blink frogs (Lair:2)
  2 shadows (D:10)
  A vampire (D:10)
  2 wraiths (D:10)
  6 yaks
  3 basilisks
  An acid dragon (D:9)
  2 water moccasins
  A black bear (D:6)
  6 orc warriors
  An ice beast (D:6)
  A sky beast (D:6)
  2 ogres
  4 centaurs
  2 lemures (D:6)
  3 elf zombies (Ossuary)
  3 kobold brigands
  5 bullfrogs
  A gnoll sergeant (D:8)
  3 scorpions
  4 killer bees
  8 electric eels
  3 howler monkeys
  5 hounds
  8 orc priests
  4 human zombies
  A sleepcap (D:5)
  3 iguanas
  8 orc wizards
  2 mummies (Ossuary)
  Robin (D:2)
  2 gnolls (D:10)
  10 adders
  2 white imps (D:6)
  An adder zombie (Ossuary)
  A worm zombie (D:4)
  10 dart slugs
  57 orcs
  2 ball pythons (D:2)
  18 endoplasms
  3 giant cockroaches (D:1)
  17 goblins
  14 hobgoblins
  10 jackals
  6 quokkas
  3 bats
  3 frilled lizards
  8 hobgoblin zombies (Ossuary)
  4 jackal zombies (Ossuary)
  10 kobolds
  8 kobold zombies (Ossuary)
  9 orc zombies (Ossuary)
  7 rats
  2 rat zombies
332 creatures vanquished.

Vanquished Creatures (collateral kills)
  An ugly thing (D:10)
  A gargoyle (D:12)
  A water elemental (D:11)
  A gnoll bouda (D:10)
  2 orcs (D:10)
6 creatures vanquished.

Vanquished Creatures (others)
  A two-headed ogre (D:11)
  A cyclops (D:10)
  A troll (D:10)
  4 yaks
  3 water moccasins (Lair:1)
  An acid dragon (D:10)
  2 centaurs
  A gnoll sergeant (D:10)
  An electric eel (D:11)
  2 orc wizards
  A gnoll (D:10)
  A dart slug (D:6)
  An orc (D:11)
  A kobold (D:11)
21 creatures vanquished.

Grand Total: 359 creatures vanquished

Notes
Turn   | Place    | Note
-------+----------+-------------------------------------------
     0 | D:1      | croobank the Armataur Warper began the quest for the Orb.
     0 | D:1      | Reached XP level 1. HP: 18/18 MP: 3/3
    19 | D:1      | Reached skill level 1 in Throwing
   134 | D:1      | Reached XP level 2. HP: 20/25 MP: 4/4
   462 | D:1      | Reached XP level 3. HP: 28/31 MP: 6/6
  1095 | D:2      | Reached XP level 4. HP: 23/38 MP: 7/7
  1119 | D:2      | Reached skill level 2 in Armour
  1433 | D:2      | Noticed Robin
  1630 | D:2      | Killed Robin
  2565 | D:3      | Reached XP level 5. HP: 41/44 MP: 8/8
  2567 | D:3      | Found a sparkling altar of Nemelex Xobeh.
  2851 | D:4      | Found a sand-covered staircase.
  2903 | D:4      | Found Uceukuku's Jewellery Shoppe.
  2907 | Ossuary  | Entered an ossuary
  3338 | Ossuary  | Reached XP level 6. HP: 29/53 MP: 9/9
  3705 | Ossuary  | Reached skill level 3 in Armour
  3729 | Ossuary  | Reached XP level 7. HP: 52/60 MP: 11/11
  3921 | D:4      | Found Qek Puez's Assorted Antiques.
  3925 | D:4      | Bought a scroll labelled GIYZEU QEFF for 26 gold pieces
  3925 | D:4      | Bought a scroll of identify for 52 gold pieces
  3925 | D:4      | Bought a dark potion for 23 gold pieces
  4027 | D:4      | Found a staircase to the Ecumenical Temple.
  4036 | Temple   | Entered the Ecumenical Temple
  4036 | Temple   | Found a transporter.
  4036 | Temple   | Found a transporter.
  4038 | Temple   | Found a transporter.
  4038 | Temple   | Found a transporter.
  4314 | D:4      | Reached skill level 1 in Polearms
  4388 | Temple   | Became a worshipper of Gozag Ym Sagoz the Greedy
  4544 | D:5      | Entered Level 5 of the Dungeon
  4641 | D:5      | Reached skill level 4 in Armour
  4783 | D:5      | Reached XP level 8. HP: 68/68 MP: 12/12
  4961 | D:5      | Found Umuj's Weapon Emporium.
  6407 | D:6      | Learned a level 2 spell: Blink
  6409 | D:6      | Learned a level 1 spell: Beastly Appendage
  6412 | D:6      | Learned a level 2 spell: Wereblood
  6721 | D:6      | Reached skill level 1 in Transmutations
  6946 | D:7      | Noticed Pikel
  7090 | D:6      | Killed Pikel
  7091 | D:6      | Reached skill level 5 in Armour
  7091 | D:6      | Reached XP level 9. HP: 42/77 MP: 14/14
  7382 | D:7      | Noticed Joseph
  7669 | D:7      | Found a blossoming altar of Fedhas.
  7704 | D:8      | Paralysed by a hornet for 2 turns
  7704 | D:8      | Noticed Maurice
  7821 | D:8      | Noticed a two-headed ogre
  7934 | D:8      | Noticed Gastronok
  7950 | D:8      | Killed Gastronok
  7951 | D:8      | Reached skill level 5 in Fighting
  7951 | D:8      | Reached skill level 6 in Armour
  7951 | D:8      | Reached XP level 10. HP: 86/86 MP: 16/16
  7989 | D:8      | Killed a two-headed ogre
  7990 | D:8      | Reached skill level 5 in Polearms
  8322 | D:8      | Found a stormy altar of Qazlal.
  8361 | D:8      | Killed Maurice
  8420 | D:8      | Identified the staff of poison "Lulusmed" {rElec rPois rC-
                  | Dex+5}
  8494 | D:8      | Noticed Maggie
  8510 | D:8      | Killed Maggie
  8511 | D:8      | Reached skill level 5 in Throwing
  8638 | D:6      | Identified the +0 scale mail of the Sun {Contam rC+++ rN+
                  | Dex-5}
  8879 | D:9      | Found a transporter.
  8895 | D:9      | Found a transporter.
  8960 | D:9      | Noticed SirLogeyBear's ghost (novice HOBe)
  9000 | D:9      | Reached skill level 1 in Summonings
  9007 | D:9      | Reached skill level 5 in Spellcasting
  9318 | D:10     | Entered Level 10 of the Dungeon
  9416 | D:10     | Found a staircase to the Orcish Mines.
  9582 | D:10     | Reached skill level 7 in Armour
  9590 | D:10     | Found a portal to a secret trove of treasure.
  9694 | D:10     | Found a broken altar of Ashenzari.
  9802 | D:10     | Learned a level 3 spell: Call Canine Familiar
  9917 | D:10     | Reached XP level 11. HP: 95/95 MP: 15/18
  9952 | D:10     | Noticed a purple ugly thing
  9954 | D:10     | Noticed a deep elf pyromancer
  9956 | D:10     | Noticed a rakshasa
  9966 | D:10     | Noticed a two-headed ogre
  9971 | D:10     | Found a shimmering blue altar of Sif Muna.
 10027 | D:10     | Learned a level 3 spell: Summon Guardian Golem
 10034 | D:10     | Noticed a two-headed ogre
 10072 | D:10     | Killed a two-headed ogre
 10123 | D:10     | Killed a purple ugly thing
 10217 | D:10     | Killed a deep elf pyromancer
 10220 | D:10     | Noticed a skeletal warrior
 10268 | D:10     | Killed a skeletal warrior
 10269 | D:10     | Reached skill level 5 in Dodging
 10418 | D:10     | Killed a rakshasa
 10960 | D:10     | Reached skill level 8 in Armour
 11290 | D:10     | Identified the ring "Aqoigh" {rF+ rN+ Stlth+}
 11498 | D:11     | Found a staircase to the Lair.
 12160 | D:11     | Noticed a sun demon
 12161 | D:11     | Noticed a two-headed ogre
 12166 | D:11     | Noticed a sixfirhy
 12178 | D:11     | Killed a two-headed ogre
 12179 | D:11     | Reached XP level 12. HP: 103/103 MP: 5/21
 12456 | D:12     | Found Duomurch's Assorted Antiques.
 12544 | D:12     | Bought a marble ring for 150 gold pieces
 12544 | D:12     | Bought 2 potions of might for 240 gold pieces
 12559 | D:12     | Noticed a two-headed ogre
 12570 | Lair:1   | Entered Level 1 of the Lair of Beasts
 12598 | Lair:1   | Reached skill level 5 in Summonings
 12654 | Lair:1   | Paralysed by a hornet for 2 turns
 12965 | Lair:1   | Noticed a catoblepas
 13286 | Lair:2   | Mangled by a komodo dragon

Illustrated notes

Levels and vault maps discovered:
D:1:      onia_arrival_handbag, layout_loops_cross, minmay_tetromino_i2
D:2:      layout_rooms, uniq_robin
D:3:      layout_loops_ring, nemelex_dance_club_becter
D:4:      layout_loops_cross, temple_doors_e, serial_shops, shop,
          nicolae_shop_gaudy_bauble, enter_ossuary_3, st_stairs_5,
          guppyfry_early_orc_mine
D:5:      layout_layer_cave, serial_shops, shop
D:6:      kennysheep_slugbush, layout_basic, serial_glass, glass_columns_a,
          glass_columns_b, item_on_display_a, item_on_display_a,
          due_unseen_surprise, feat_on_display
D:7:      layout_rooms, nicolae_overflow_hidden_temple, uniq_joseph, uniq_pikel
D:8:      layout_loops_cross, mainiacjoe_overflow_cross_hatched,
          kennysheep_generic_room_13, uniq_maggie, uniq_gastronok, uniq_maurice
D:9:      layout_cave_pools, gammafunk_ghost_stat_death,
          kennysheep_generic_room_12
D:10:     minmay_the_grid_3x3 [minmay_the_grid_outer_circle,
          minmay_the_grid_spikes, minmay_the_grid_minigrid_small_alt,
          minmay_the_grid_holed_spiral, minmay_the_grid_rooms,
          minmay_the_grid_tree, minmay_the_grid_plusring,
          minmay_the_grid_garden, minmay_the_grid_prize_trominoes],
          layout_irregular_city, mainiacjoe_overflow_large_starburst,
          david_orc_5, nicolae_trove_entry_path_of_doom, nrook_pool_corridor
D:11:     layout_basic, lair_entry_dummy
D:12:     layout_roguey, serial_shops, shop, shop,
          nicolae_shop_industrial_runoff, nicolae_stop_n_shop_2, shop
Temple:   hellmonk_temple_divided_pantheon
Lair:1:   layout_chaotic_city, dreamdust_wasp_nest, grunt_megastairs_5
Lair:2:   layout_big_grid, hangedman_lair_unloving_vines, grunt_megastairs_4

Skill      XL: |  1  2  3  4  5  6  7  8  9 10 11 12 |
---------------+-------------------------------------+-----
Throwing       | 1 2 3 4 5 6 |  6.7
Short Blades   | 2 3 |  3.1
Spellcasting   | 2 3 4 5 6 |  6.3
Fighting       | 2 3 4 5 6 |  6.9
Armour         | 2 3 4 5 6 7 8 |  8.8
Dodging        | 2 3 4 5 |  5.7
Translocations | 4 |  4.8
Polearms       | 1 3 4 5 6 |  6.7
Transmutations | 2 4 |  4.8
Summonings     | 2 4 5 |  5.6

Action                     |  1- 3 |  4- 6 |  7- 9 | 10-12 || total
---------------------------+-------+-------+-------+-------++-------
  Melee: Short sword       |   207 |   510 |    42 |       ||   759
         Tailslap          |    25 |    69 |    46 |    92 ||   232
         Punch             |     3 |     5 |     3 |     2 ||    13
         Spear             |       |       |   304 |   526 ||   830
         Headbutt          |       |       |       |     6 ||     6
         Kick              |       |       |       |     2 ||     2
  Throw: Boomerang         |     7 |       |       |       ||     7
         Dart              |       |     5 |     8 |     9 ||    22
         Throwing net      |       |     1 |       |       ||     1
         Javelin           |       |       |     2 |     4 ||     6
   Cast: Call Canine Famil |       |       |       |    30 ||    30
         Wereblood         |       |       |       |     6 ||     6
         Summon Guardian G |       |       |       |    29 ||    29
         Beastly Appendage |       |       |       |     2 ||     2
         Blink             |       |       |       |     1 ||     1
 Invoke: Potion Petition   |       |       |       |     2 ||     2
  Evoke: Wand              |       |       |    10 |    33 ||    43
    Use: Scroll            |     4 |     9 |    13 |    14 ||    40
         Potion            |     3 |     4 |     5 |     7 ||    19
   Stab: Sleeping          |       |     2 |       |       ||     2
         Distracted        |       |       |     1 |     2 ||     3
         Petrifying        |       |       |       |     1 ||     1
         Petrified         |       |       |       |     1 ||     1
 Armour: Leather armour    |    59 |   141 |    96 |       ||   296
         Robe              |       |       |    39 |   159 ||   198
  Dodge: Dodged            |   114 |   158 |   117 |   239 ||   628
